 Dungeon Crawl Stone Soup version 0.31-a0-198-g2ad674f65e (webtiles) character file.

Game seed: 14298100990725347743

440 lessens the Cudgeller (level 6, -8/53 HPs)
             Began as an Armataur Fighter on June 26, 2023.
             Mangled by Blork the orc
             ... wielding a +2 glaive of flaming
              (9 damage)
             ... on level 5 of the Dungeon.
             The game lasted 00:06:50 (4302 turns).

lessens the Cudgeller (Armataur Fighter)            Turns: 4302, Time: 00:06:51

Health: -8/53      AC:  8    Str: 23    XL:     6   Next: 70%
Magic:  6/6        EV:  7    Int:  9    God:
Gold:   195        SH:  9    Dex:  9    Spells: 5/5 levels left

rFire   . . .        k - +0 short sword (venom)
rCold   + . .        c - +0 buckler
rNeg    . . .        b - +0 scale mail
rPois   .            h - +0 helmet
rElec   .            (no cloak)
rCorr   .            (no gloves)
SInv    .            (no barding)
Will    .....        l - amulet of reflection Stlth
                     n - ring of protection from cold
HPRegen 0.28/turn    (no ring)
MPRegen 0.10/turn

%: reflection, roll
@: about to teleport
A: large, rugged brown scales 3, deformed body, armoured tail, roll, long
tongue, awkward tongue
a: no special abilities


You were on level 5 of the Dungeon.
You visited 1 branch of the dungeon, and saw 5 of its levels.

You collected 195 gold pieces.

Inventory:

Hand Weapons
 a - a +0 flail
 k - a +0 short sword of venom (weapon)
Missiles
 g - 46 stones
 p - 9 poisoned darts
 t - 5 boomerangs
Armour
 b - a +0 scale mail (worn)
 c - a +0 buckler (worn)
 h - a +0 helmet (worn)
 v - the +0 cloak of the Muttering Gods {rN+ Dex+3}
   (You found it on level 2 of the Dungeon)

   Dex:       It affects your dexterity (+3).
   rN:        It protects you from negative energy.
 B - a +1 barding
Jewellery
 l - an amulet of reflection (around neck)
 n - a ring of protection from cold (left hand)
 q - an amulet of the acrobat
Wands
 y - a wand of flame (24)
Scrolls
 i - 5 scrolls of identify
 j - a scroll of silence {unknown}
 m - 3 scrolls of fear {unknown}
 s - 2 scrolls of teleportation
 u - 3 scrolls of amnesia {unknown}
 x - a scroll of noise {unknown}
 z - 3 scrolls of fog {unknown}
 D - a scroll of torment {unknown}
 F - a scroll of immolation {unknown}
Potions
 d - a potion of might
 e - a potion of heal wounds {unknown}
 f - a potion of brilliance {unknown}
 o - a potion of magic {unknown}
 r - a potion of mutation {unknown}
 w - 2 potions of curing
 A - a potion of degeneration {unknown}
 C - a potion of attraction {unknown}
 E - a potion of lignification {unknown}


   Skills:
 - Level 2.6 Fighting
 + Level 6.6 Maces & Flails
 - Level 3.6 Armour
 - Level 3.2 Shields


You had 5 spell levels left.
You didn't know any spells.
Your spell library was empty.

Dungeon Overview and Level Annotations

Branches:
Dungeon (5/15) Zot: 25682
 Temple: D:4-7

Altars:

Shops:
D:2 (([

Annotations:
D:5 Blork the orc


Innate Abilities, Weirdness & Mutations

You are completely covered in rugged brown scales. (AC +3, +7% HP)
Armour fits poorly on your strangely shaped body.
You have a long armoured tail.
You roll when moving toward enemies. (Rampage)
Your long tongue fully drains potion bottles. (2x potion effects)
Your tongue gives you trouble enunciating. (1.5x scroll delay)


Message History

Blork the orc hits you with a +2 glaive of flaming!
Blork the orc burns you. You block Blork the orc's attack.
You barely miss Blork the orc. You tail-slap Blork the orc.
Blork the orc is lightly wounded.
Blork the orc hits you but does no damage.
You hit Blork the orc but do no damage.
Blork the orc is lightly wounded.
Blork the orc hits you with a +2 glaive of flaming!
Blork the orc burns you.
Blork the orc hits you with a +2 glaive of flaming!
* * * LOW HITPOINT WARNING * * *
Blork the orc burns you.
* * * LOW HITPOINT WARNING * * *
Okay, then.
It was a potion of curing.
You feel better.
You slurp down every last drop of the potion of curing!
Blork the orc hits you with a +2 glaive of flaming!
Blork the orc burns you.
* * * LOW HITPOINT WARNING * * *
Blork the orc closely misses you. x2
Blork the orc hits you from afar with a +2 glaive of flaming.
* * * LOW HITPOINT WARNING * * *
Blork the orc burns you.
* * * LOW HITPOINT WARNING * * *
As you slowly read the scroll labelled ZEHEUSM PIPP, it crumbles to dust.
It is a scroll of identify.
s - 3 scrolls of teleportation Blork the orc looks encouraged for a moment.
You block Blork the orc's attack.
As you slowly read the scroll of teleportation, it crumbles to dust.
You feel strangely unstable.
Blork the orc gestures at you while chanting.
You block puff of frost... and reflect it back!
The puff of frost hits Blork the orc.
Blork the orc hits you from afar with a +2 glaive of flaming.
* * * LOW HITPOINT WARNING * * *
Blork the orc burns you.
* * * LOW HITPOINT WARNING * * *
Blork the orc hits you from afar with a +2 glaive of flaming!
You die...

#.......##.....<#
#.......##.####.#
##.......##.####.######
#........##.##........#
#........##.##.#.####.#
###.#.........##.#.#
.........#######.#..
.........##....#.#.## #
.........##.##.#@#.. .
###.#....##.##.#.######...
....#.##.##.##.#)o........
....#.##.##.##.#############+####
....#.#####.##.####....<# #......
....#.# #.##.##.......# #......
....#.# ##.##'##.#.....# #......
#####.# #......#.#.....# #......
####'####........#.....###......


You could see Blork the orc (fast).

Vanquished Creatures
  A scorpion (D:3)
  A howler monkey (D:4)
  2 hounds
  An iguana (D:5)
  An orc wizard (D:5)
  12 gnolls
  2 adders
  2 white imps (D:5)
  An ufetubus (D:5)
  3 worms
  2 dart slugs (D:3)
  3 orcs (D:5)
  A bat (D:2)
  4 endoplasms
  4 giant cockroaches
  3 goblins
  9 hobgoblins
  4 jackals (D:1)
  4 quokkas
  6 ball pythons
  3 frilled lizards
  5 kobolds
  3 rats
77 creatures vanquished.

Notes
Turn   | Place    | Note
-------+----------+-------------------------------------------
     0 | D:1      | lessens the Armataur Fighter began the quest for the Orb.
     0 | D:1      | Reached XP level 1. HP: 19/19 MP: 1/1
    56 | D:1      | Found a faded altar of an unknown god.
    64 | D:1      | Reached skill level 2 in Maces & Flails
   184 | D:1      | Reached XP level 2. HP: 26/26 MP: 2/2
   763 | D:1      | Reached skill level 3 in Maces & Flails
   951 | D:2      | Found Qifafocs's Armour Shop.
   999 | D:2      | Reached XP level 3. HP: 28/32 MP: 3/3
  1096 | D:2      | You fall into a shaft and drop 2 floors!
  1254 | D:4      | Reached skill level 4 in Maces & Flails
  1254 | D:4      | Reached XP level 4. HP: 33/39 MP: 4/4
  1454 | D:2      | Found Owuem's Weapon Shoppe.
  1533 | D:2      | Identified the +0 cloak of the Muttering Gods {rN+ Dex+3}
  1595 | D:2      | Found Ixabymp's Antique Weapon Boutique.
  2504 | D:4      | Reached XP level 5. HP: 42/44 MP: 5/5
  2581 | D:4      | Reached skill level 5 in Maces & Flails
  3044 | D:3      | Reached XP level 6. HP: 36/53 MP: 6/6
  3287 | D:4      | Reached skill level 6 in Maces & Flails
  3823 | D:5      | Entered Level 5 of the Dungeon
  4292 | D:5      | Noticed Blork the orc
  4302 | D:5      | HP: 1/53 [Blork the orc/+2 glaive of flaming (2)]
  4302 | D:5      | Mangled by Blork the orc

Illustrated notes

Levels and vault maps discovered:
D:1:      minmay_arrival_arboretum_large, layout_loops_ring,
          ebering_ecumenical_altar_webs, minmay_door_square, minmay_heptomino_h4
D:2:      layout_basic, serial_shops, shop, shop, shop, st_stairs_12
D:3:      layout_loops_ring
D:4:      layout_layer_cave
D:5:      layout_basic, uniq_sigmund, uniq_ijyb, uniq_blork_the_orc

Skill      XL: |  1  2  3  4  5  6 |
---------------+-------------------+-----
Maces & Flails | 2 3 4 5 6 |  6.6
Fighting       | |  2.6
Armour         | |  3.6
Shields        | |  3.2

Action                     |  1- 3 |  4- 6 || total
---------------------------+-------+-------++-------
  Melee: Flail             |    16 |       ||    16
         Tailslap          |    17 |    33 ||    50
         Short sword       |   107 |   223 ||   330
    Use: Scroll            |       |     2 ||     2
         Potion            |       |     1 ||     1
 Armour: Scale mail        |    34 |    48 ||    82
  Dodge: Dodged            |    21 |    72 ||    93
  Block: Buckler           |    49 |    87 ||   136
         Reflection        |       |     5 ||     5

Table legend: (Time is in decaauts)
 A = Elapsed time spent in this place.
 B = Non-inter-level travel time spent in this place.
 C = Inter-level travel time spent in this place.
 D = Time resting spent in this place.
 E = Time spent auto-exploring this place.
 F = Levels seen in this place.
 G = Mean time per level.
                   A        B        C        D        E       F      G
               +--------+--------+--------+--------+--------+-----+--------+
         Total |   4315 |   4167 |    148 |     62 |   3280 |   5 |  863.0 |
       Dungeon |   4315 |   4167 |    148 |     62 |   3280 |   5 |  863.0 |
               +--------+--------+--------+--------+--------+-----+--------+

Top non-repeatable levels by time:
     D:4: 1543 daAuts
     D:1: 841 daAuts
     D:3: 841 daAuts
     D:2: 607 daAuts
     D:5: 481 daAuts

Levels and vault maps discovered:
D:1:      minmay_arrival_arboretum_large, layout_loops_ring,
          ebering_ecumenical_altar_webs, minmay_door_square, minmay_heptomino_h4
D:2:      layout_basic, serial_shops, shop, shop, shop, st_stairs_12
D:3:      layout_loops_ring
D:4:      layout_layer_cave
D:5:      layout_basic, uniq_sigmund, uniq_ijyb, uniq_blork_the_orc
